 Dungeon Crawl Stone Soup version 0.30-a0-1075-gcd70e7a56d (webtiles) character file.

Game seed: 3449196289268260614

4288 Pimp the Nimble (level 10, 0/44 HPs)
             Began as a Spriggan Earth Elementalist on Apr 14, 2023.
             Was a Believer of Okawaru.
             Slain by a killer bee (8 damage)
             ... on level 6 of the Dungeon.
             The game lasted 00:34:52 (9176 turns).

Pimp the Nimble (Spriggan Earth Elementalist)       Turns: 9176, Time: 00:34:53

Health: 0/44       AC:  8    Str: 11    XL:     10   Next: 11%
Magic:  22/22      EV: 23    Int: 19    God:    Okawaru [**....]
Gold:   390        SH:  0    Dex: 16    Spells: 10/24 levels left

rFire   . . .      SeeInvis +    m - +0 dagger (venom)
rCold   . . .      Faith    .    (no shield)
rNeg    . . .      Spirit   .    k - +5 robe of Untold Secrets {rF- Str+5}
rPois   .          Reflect  .    (helmet restricted)
rElec   .          Rampage  .    p - +0 cloak
rCorr   .                        (gloves unavailable)
Will    +....                    (boots unavailable)
Stlth   ++++                     r - amulet of magic regeneration
HPRegen 0.27/turn                o - ring of wizardry
MPRegen 0.58/turn                u - ring of protection from fire

@: lethally poisoned (0 -> -1), studying Shields, very quick
A: very small, no large weapons, unfitting armour, see invisible, speed 3
a: Renounce Religion, Heroism


You were on level 6 of the Dungeon.
You worshipped Okawaru.
Okawaru was pleased with you.
You visited 1 branch of the dungeon, and saw 7 of its levels.

You collected 390 gold pieces.

Inventory:

Hand Weapons
 e - a +0 dagger of flaming
 m - a +0 dagger of venom (weapon)
Missiles
 s - 3 throwing nets
Armour
 a - a +0 robe
 k - the +5 robe of Untold Secrets (worn) {rF- Str+5}
   (You found it on level 3 of the Dungeon)

   Str:       It affects your strength (+5).
   rF:        It makes you vulnerable to fire.
 p - a +0 cloak (worn)
Jewellery
 o - a ring of wizardry (left hand)
 q - a ring of resist corrosion
 r - an amulet of magic regeneration (around neck)
 u - a ring of protection from fire (right hand)
Wands
 t - a wand of charming (8)
 w - a wand of mindburst (14) (quivered)
Scrolls
 f - a scroll of fear
 n - 3 scrolls of identify
Potions
 b - a potion of magic
 c - 3 potions of might
 d - 2 potions of mutation {unknown}
 g - 3 potions of invisibility
 h - a potion of flight
 i - a potion of brilliance {unknown}
 j - a potion of curing
 l - 3 potions of degeneration {unknown}
 v - a potion of haste {unknown}


   Skills:
 * Level 9.8 Dodging
 - Level 7.1 Stealth
 + Level 7.5 Spellcasting
 + Level 3.3 Conjurations
 + Level 7.9 Transmutations
 + Level 3.4 Fire Magic
 + Level 6.0 Earth Magic


You had 10 spell levels left.
You knew the following spells:

 Your Spells              Type           Power      Damage    Failure   Level
a - Sandblast             Erth           60%        2d14      1%          1
b - Stone Arrow           Conj/Erth      50%        3d10      1%          3
c - Scorch                Fire           40%        2d7       1%          2
d - Petrify               Tmut/Erth      33%        N/A       2%          4
e - Flame Wave            Conj/Fire      20%        2d7       10%         4

Your spell library contained the following spells:

 Spells                   Type           Power      Damage    Failure   Level
 Passwall                 Tmut/Erth      27%        N/A       1%          2
 Summon Cactus Giant      Summ           Unusable   N/A       N/A         6

Dungeon Overview and Level Annotations

Branches:
Dungeon (7/15)             Temple (0/1) D:7

Altars:
Ashenzari
Dithmenos
Kikubaaqudgha
Makhleb
Okawaru
Wu Jian
Xom
Zin
The Shining One

Annotations:
D:4 3 runed translucent doors, HHeCNeOSiFe's ghost, amateur GrFi


Innate Abilities, Weirdness & Mutations

You are very small and have problems with some larger weapons.
You are too small for most types of armour.
You have supernaturally acute eyesight. (SInv)
You cover ground extremely quickly. (Speed+++)


Message History

The killer bee is severely wounded.
You feel very sick. The killer bee misses you. The killer bee stings you.
The killer bee stings you!
You are more poisoned.
The killer bee poisons you! The killer bee closely misses you.
You hit the killer bee but do no damage.
The killer bee is severely wounded.
You feel very sick.
You kill the killer bee!
Okawaru accepts your kill. The killer bee closely misses you.
The killer bee stings you but does no damage.
You feel sick. The killer bee completely misses you.
The killer bee attacks as you move away!
The killer bee completely misses you.
You feel sick.
The killer bee attacks as you move away!
The killer bee stings you.
You feel sick.
The killer bee attacks as you move away!
The killer bee misses you.
You feel sick.
You feel sick.
You see here a killer bee corpse.
You closely miss the killer bee.
You feel sick. The killer bee completely misses you.
The killer bee stings you but does no damage.
You hit the killer bee but do no damage.
The killer bee is poisoned.
You feel sick. The killer bee completely misses you.
The killer bee stings you but does no damage.
The killer bee attacks as you move away!
The killer bee stings you but does no damage.
You feel sick. The killer bee closely misses you.
You feel sick.
The killer bee attacks as you move away!
The killer bee completely misses you.
You feel sick.
You closely miss the killer bee.
The killer bee is heavily wounded.
You feel sick. The killer bee misses you. The killer bee stings you!
You die...

........[#
#.##########.#
###......#
#............# #......#
############## #......#
# #......# ###......#
........>#
####.###.##############
.....[[)....†..y@.....#
#####.##.############.#
# #.##.# #.# # #.##.#
#.# # #.##.# #.# #
#..#.# #######.# #
##.#.# #.).....# ###
#.#.# #.####### ..#
#.#.# #.#


You could see a killer bee (poisoned).

Vanquished Creatures
  Pikel (D:6)
  2 ice devils (D:7)
  2 freezing wraiths
  A troll (D:6)
  Grinder (D:3)
  A steam dragon (D:6)
  A water moccasin (D:6)
  An ice beast (D:6)
  A sky beast (D:6)
  An ogre (D:4)
  2 phantoms (D:6)
  A lemure (D:7)
  2 gnoll sergeants (D:6)
  3 scorpions
  A wight (D:7)
  A jelly (D:7)
  3 killer bees (D:6)
  A howler monkey (D:4)
  3 hounds
  2 orc priests (D:6)
  Crazy Yiuf (D:4)
  4 gnoll boudas
  3 iguanas
  A sleepcap (D:5)
  4 orc wizards
  Robin (D:2)
  38 gnolls
  10 adders
  A shadow imp (D:6)
  6 white imps
  5 worms
  2 dart slugs
  41 orcs
  7 bats
  9 endoplasms
  7 giant cockroaches
  19 goblins
  12 hobgoblins
  16 jackals
  4 kobolds
  5 quokkas
  7 ball pythons
  5 frilled lizards
  5 goblin skeletons (D:3)
  3 hobgoblin zombies (D:3)
  A kobold skeleton (D:3)
  2 kobold zombies (D:3)
  An orc skeleton (D:3)
  2 orc zombies (D:3)
  5 rats
258 creatures vanquished.

Vanquished Creatures (others)
  A plant (D:4)
1 creature vanquished.

Grand Total: 259 creatures vanquished

Notes
Turn   | Place    | Note
-------+----------+-------------------------------------------
     0 | D:1      | Pimp the Spriggan Earth Elementalist began the quest for
                  | the Orb.
     0 | D:1      | Reached XP level 1. HP: 9/9 MP: 5/5
   341 | D:1      | Reached XP level 2. HP: 13/13 MP: 3/6
   411 | D:1      | Reached skill level 3 in Dodging
  1076 | D:2      | Reached XP level 3. HP: 16/16 MP: 3/8
  1714 | D:2      | Reached XP level 4. HP: 21/21 MP: 6/10
  1858 | D:2      | Noticed Robin
  1907 | D:2      | Killed Robin
  2477 | D:3      | Found a glowing golden altar of the Shining One.
  2477 | D:3      | Noticed Grinder
  2641 | D:3      | Paralysed by Grinder for 3 turns
  2649 | D:3      | Killed Grinder
  2650 | D:3      | Reached skill level 4 in Dodging
  2650 | D:3      | Reached skill level 5 in Stealth
  2650 | D:3      | Reached XP level 5. HP: 13/24 MP: 8/12
  2650 | D:3      | Reached XP level 6. HP: 15/28 MP: 8/13
  2842 | D:2      | Learned a level 3 spell: Stone Arrow
  2908 | D:3      | Identified the +5 robe of Untold Secrets {rF- Str+5}
  3799 | D:3      | Learned a level 2 spell: Scorch
  4105 | D:4      | Reached skill level 5 in Dodging
  4223 | D:4      | Found a runed translucent gate.
  4224 | D:4      | Found a runed translucent gate.
  4224 | D:4      | Identified the +2 ring mail "Nurrim" {Rampage rPois Dex+3}
  4225 | D:4      | Found a runed translucent gate.
  4226 | D:4      | Noticed HHeCNeOSiFe's ghost (amateur GrFi)
  4327 | D:4      | Found a runed translucent door.
  4328 | D:4      | Noticed Crazy Yiuf
  4389 | D:4      | Reached XP level 7. HP: 32/32 MP: 2/15
  4697 | D:4      | Reached skill level 5 in Spellcasting
  4938 | D:4      | Reached skill level 5 in Transmutations
  5394 | D:4      | Reached skill level 1 in Conjurations
  5767 | D:4      | Reached XP level 8. HP: 36/36 MP: 17/17
  6165 | D:4      | Killed Crazy Yiuf
  6166 | D:4      | Reached skill level 6 in Dodging
  6221 | D:5      | Entered Level 5 of the Dungeon
  6423 | D:5      | Found a shadowy altar of Dithmenos.
  6537 | D:5      | Reached skill level 1 in Fire Magic
  7368 | D:6      | Found a burning altar of Makhleb.
  7369 | D:6      | Found an ancient bone altar of Kikubaaqudgha.
  7369 | D:6      | Found an ornate altar of the Wu Jian Council.
  7371 | D:6      | Found a glowing silver altar of Zin.
  7371 | D:6      | Found a shimmering altar of Xom.
  7407 | D:6      | Reached skill level 5 in Earth Magic
  7471 | D:6      | Reached skill level 7 in Dodging
  7627 | D:6      | Reached XP level 9. HP: 39/39 MP: 5/19
  7741 | D:6      | Noticed a troll
  7759 | D:6      | Killed a troll
  7805 | D:6      | Reached skill level 8 in Dodging
  7882 | D:6      | Learned a level 4 spell: Petrify
  7887 | D:6      | Learned a level 4 spell: Flame Wave
  7918 | D:6      | Found an iron altar of Okawaru.
  7919 | D:6      | Found a broken altar of Ashenzari.
  7941 | D:6      | Became a worshipper of Warmaster Okawaru
  8364 | D:7      | Found a staircase to the Ecumenical Temple.
  8459 | D:7      | Noticed Pikel
  8497 | D:6      | Killed Pikel
  8556 | D:7      | Noticed an ice devil
  8556 | D:7      | Noticed an ice devil
  8609 | D:7      | Killed an ice devil
  8609 | D:7      | Reached * piety under Okawaru
  8610 | D:7      | Reached skill level 9 in Dodging
  8754 | D:7      | Noticed a freezing wraith
  8779 | D:7      | Killed an ice devil
  8938 | D:6      | Killed a freezing wraith
  8939 | D:6      | Reached XP level 10. HP: 44/44 MP: 4/22
  9021 | D:6      | Reached ** piety under Okawaru
  9176 | D:6      | Slain by a killer bee

Illustrated notes

Levels and vault maps discovered:
D:1:      minmay_arrival_doors, layout_basic, hex_medium
D:2:      minmay_recursive_quarters, layout_basic, solitary_fountain,
          nicolae_kite_square_tiling_tiny, small_statue_intersection,
          grunt_decor_fettered, grunt_decor_mini_mirrors, hex_tiny,
          minivault_25, uniq_robin
D:3:      layout_loops_ring, nicolae_tso_besieged_by_evil, uniq_grinder
D:4:      lemuel_castle_with_subvaults [lemuel_castle_interior_carwin_3],
          layout_cave_pools, biasface_ghost_orc_armoury, uniq_crazy_yiuf_cottage
D:5:      layout_cave_pools, nicolae_dithmenos_through_a_glass_darkly
D:6:      layout_basic, grunt_temple_overflow_open, minmay_manual_monstrance
D:7:      layout_gridville, elyvilon_altar_3, temple_statues,
          hellmonk_guarded_unrand_frostbite, uniq_menkaure, uniq_pikel

Skill      XL: |  1  2  3  4  5  6  7  8  9 |
---------------+----------------------------+-----
Dodging        | 3 4 5 7 9 |  9.8
Spellcasting   | 3 4 5 6 7 |  7.5
Transmutations | 2 3 4 5 6 7 |  7.9
Earth Magic    | 3 4 5 6 |  6.0
Stealth        | 4 5 6 7 |  7.1
Conjurations   | 1 2 3 |  3.3
Fire Magic     | 2 3 |  3.4

Action                     |  1- 3 |  4- 6 |  7- 9 | 10-12 || total
---------------------------+-------+-------+-------+-------++-------
  Melee: Unarmed           |    13 |       |       |       ||    13
         Dagger            |     5 |   126 |   134 |    15 ||   280
         Punch             |       |     2 |     2 |     1 ||     5
   Cast: Sandblast         |    54 |   125 |   167 |       ||   346
         Stone Arrow       |       |     4 |    68 |     7 ||    79
         Scorch            |       |       |    56 |     3 ||    59
         Flame Wave        |       |       |     1 |       ||     1
  Evoke: Wand              |       |       |       |     1 ||     1
    Use: Scroll            |     5 |       |     5 |       ||    10
         Potion            |       |     4 |     1 |       ||     5
   Stab: Sleeping          |       |     9 |     7 |       ||    16
 Armour: Robe              |     7 |    17 |    46 |     6 ||    76
  Dodge: Dodged            |    32 |   175 |   197 |    40 ||   444

Table legend: (Time is in decaauts)
 A = Elapsed time spent in this place.
 B = Non-inter-level travel time spent in this place.
 C = Inter-level travel time spent in this place.
 D = Time resting spent in this place.
 E = Time spent auto-exploring this place.
 F = Levels seen in this place.
 G = Mean time per level.
                   A        B        C        D        E       F      G
               +--------+--------+--------+--------+--------+-----+--------+
         Total |   7168 |   6996 |    172 |   2241 |   2189 |   7 | 1024.0 |
       Dungeon |   7168 |   6996 |    172 |   2241 |   2189 |   7 | 1024.0 |
               +--------+--------+--------+--------+--------+-----+--------+

Top non-repeatable levels by time:
     D:4: 1808 daAuts
     D:6: 1279 daAuts
     D:3: 1229 daAuts
     D:2: 1222 daAuts
     D:1: 656 daAuts
     D:5: 514 daAuts
     D:7: 456 daAuts
